| TOP OF THE 1ST |
|
Los Angeles (NYP) Dodgers batting - Pitching for Auburn Doubledays : RHP Sentos Alatas
|
|
Pitching: RHP Sentos Alatas
|
|
|
Batting: SHB Alex Noval
|
0-0: Foul Ball, location: 2F 0-1: Ball 1-1: Swinging Strike 1-2: Ball 2-2: Strikes out swinging
|
|
Batting: RHB Adam Maczko
|
0-0: Ball 1-0: Swinging Strike 1-1: Ground out 4-3 (Groundball, 4, EV 78.1 MPH)
|
|
Batting: RHB Tommy Hunter
|
0-0: Swinging Strike 0-1: Ball 1-1: Ball 2-1: Swinging Strike 2-2: Ball 3-2: Strikes out swinging
|
| Top of the 1st over - 0 runs, 0 hits, 0 errors, 0 left on base; Los Angeles (NYP) 0 - Auburn 0 |
| BOTTOM OF THE 1ST |
|
Auburn Doubledays batting - Pitching for Los Angeles (NYP) Dodgers : RHP Paul Schaecher
|
|
Pitching: RHP Paul Schaecher
|
|
|
Batting: RHB Leo Gutierrez
|
0-0: Called Strike 0-1: Ground out 5-3 (Groundball, 5L, EV 83.1 MPH)
|
|
Batting: LHB Vince McLane
|
0-0: Called Strike 0-1: SINGLE (Groundball, 6MD, EV 100.0 MPH)
|
|
Batting: RHB Tylor Cyr
|
0-0: Foul Ball, location: 2F 0-1: Ball 1-1: Fly out, F9 (Line Drive, 9D, EV 104.4 MPH)
|
|
Batting: LHB Elias Posada
|
0-0: Foul Ball, location: 2F 0-1: Foul Ball, location: 2F 0-2: Strikes out swinging
|
| Bottom of the 1st over - 0 runs, 1 hit, 0 errors, 1 left on base; Los Angeles (NYP) 0 - Auburn 0 |
| TOP OF THE 2ND |
|
Los Angeles (NYP) Dodgers batting - Pitching for Auburn Doubledays : RHP Sentos Alatas
|
|
Batting: RHB Juan Gallegos
|
0-0: Ball 1-0: Ball 2-0: Foul Ball, location: 2F 2-1: SOLO HOME RUN (Flyball, 8RXD, EV 115.0 MPH), Distance : 469 ft
|
|
Batting: LHB Fernão Manta
|
0-0: Called Strike 0-1: Ground out U3 (Groundball, 3S, EV 87.5 MPH)
|
|
Batting: RHB Brad Brady
|
0-0: Ball 1-0: Called Strike 1-1: Foul Ball, location: 2F 1-2: Strikes out swinging
|
|
Batting: LHB Bobby Gambrell
|
0-0: Ball 1-0: Ball 2-0: Ball 3-0: Called Strike 3-1: Fly out, F8 (Flyball, 8LXD, EV 106.2 MPH)
|
| Top of the 2nd over - 1 run, 1 hit, 0 errors, 0 left on base; Los Angeles (NYP) 1 - Auburn 0 |
| BOTTOM OF THE 2ND |
|
Auburn Doubledays batting - Pitching for Los Angeles (NYP) Dodgers : RHP Paul Schaecher
|
|
Batting: RHB Bobby Bricker
|
0-0: Ball 1-0: Ball 2-0: Ball 3-0: Base on Balls
|
|
Batting: RHB Travis Stanley
|
0-0: Ball 1-0: Ball Bobby Bricker steals 2nd base 2-0: Called Strike 2-1: Swinging Strike 2-2: Ball 3-2: Foul Ball, location: 2F 3-2: Foul Ball, location: 2F 3-2: Ground out 6-3 (Groundball, 6S, EV 68.8 MPH) Bobby Bricker to third
|
|
Batting: RHB Joe Young
|
0-0: Called Strike 0-1: Ball 1-1: Called Strike 1-2: Foul Ball, location: 2F 1-2: Ball 2-2: Fly out, F8 (Flyball, 8LM, EV 94.4 MPH) Runner from 3rd tags up, OUT at HOME! 8-2
|
| Bottom of the 2nd over - 0 runs, 0 hits, 0 errors, 0 left on base; Los Angeles (NYP) 1 - Auburn 0 |
| TOP OF THE 3RD |
|
Los Angeles (NYP) Dodgers batting - Pitching for Auburn Doubledays : RHP Sentos Alatas
|
|
Batting: RHB Bob Magana
|
0-0: Called Strike 0-1: Called Strike 0-2: Strikes out swinging
|
|
Batting: SHB Josh Vaill
|
0-0: Ground out U3 (Groundball, 3, EV 81.9 MPH)
|
|
Batting: SHB Alex Noval
|
0-0: Ball 1-0: Ball 2-0: Fly out, F8 (Flyball, 89D, EV 86.9 MPH)
|
| Top of the 3rd over - 0 runs, 0 hits, 0 errors, 0 left on base; Los Angeles (NYP) 1 - Auburn 0 |
| BOTTOM OF THE 3RD |
|
Auburn Doubledays batting - Pitching for Los Angeles (NYP) Dodgers : RHP Paul Schaecher
|
|
Batting: LHB Adam Jacobs
|
0-0: Ball 1-0: Ball 2-0: Called Strike 2-1: SINGLE (Line Drive, 34D, EV 103.8 MPH)
|
|
Batting: RHB Jason Ewert
|
0-0: Swinging Strike 0-1: Swinging Strike 0-2: Strikes out swinging
|
|
Batting: RHB Leo Gutierrez
|
0-0: Ball 1-0: Ball 2-0: Called Strike 2-1: Called Strike 2-2: Strikes out swinging
|
|
Batting: LHB Vince McLane
|
0-0: Ball 1-0: Foul Ball, location: 2F 1-1: Ball 2-1: Ball 3-1: Called Strike 3-2: Strikes out swinging wild pitch, reaches first! Adam Jacobs to second
|
|
Batting: RHB Tylor Cyr
|
0-0: Called Strike 0-1: Foul Ball, location: 2F 0-2: Ball 1-2: Strikes out swinging
|
| Bottom of the 3rd over - 0 runs, 1 hit, 0 errors, 2 left on base; Los Angeles (NYP) 1 - Auburn 0 |
| TOP OF THE 4TH |
|
Los Angeles (NYP) Dodgers batting - Pitching for Auburn Doubledays : RHP Sentos Alatas
|
|
Batting: RHB Adam Maczko
|
0-0: Called Strike 0-1: Fly out, F9 (Line Drive, 89S, EV 86.9 MPH)
|
|
Batting: RHB Tommy Hunter
|
0-0: Foul Ball, location: 2F 0-1: Foul Ball, location: 2F 0-2: Ball 1-2: Ball 2-2: Ball 3-2: Foul Ball, location: 2F 3-2: Strikes out looking
|
|
Batting: RHB Juan Gallegos
|
0-0: Ball 1-0: Ball 2-0: Ball 3-0: Called Strike 3-1: Called Strike 3-2: Strikes out swinging
|
| Top of the 4th over - 0 runs, 0 hits, 0 errors, 0 left on base; Los Angeles (NYP) 1 - Auburn 0 |
| BOTTOM OF THE 4TH |
|
Auburn Doubledays batting - Pitching for Los Angeles (NYP) Dodgers : RHP Paul Schaecher
|
|
Batting: LHB Elias Posada
|
0-0: Foul Ball, location: 2F 0-1: Ball 1-1: SINGLE (Groundball, 34D, EV 99.4 MPH)
|
|
Batting: RHB Bobby Bricker
|
0-0: Swinging Strike 0-1: Ball 1-1: Fielders Choice at 2nd, 4-6 (Groundball, 34S, EV 82.5 MPH)
|
|
Batting: RHB Travis Stanley
|
0-0: Ball 1-0: Called Strike 1-1: Ball Bobby Bricker steals 2nd base 2-1: Foul Ball, location: 2F 2-2: Ground out 5-3 (Groundball, 56, EV 98.8 MPH)
|
|
Batting: RHB Joe Young
|
0-0: Called Strike 0-1: Swinging Strike 0-2: Ball 1-2: Foul Ball, location: 2F 1-2: Ball 2-2: SINGLE (Groundball, 6D, EV 101.2 MPH) Bobby Bricker to third Runner from 3rd tries for Home, SAFE, throw by LF to home Joe Young to second
|
|
Batting: LHB Adam Jacobs
|
0-0: Ball 1-0: Foul Ball, location: 2F 1-1: Ball 2-1: Called Strike 2-2: Strikes out swinging
|
| Bottom of the 4th over - 1 run, 2 hits, 0 errors, 1 left on base; Los Angeles (NYP) 1 - Auburn 1 |
| TOP OF THE 5TH |
|
Los Angeles (NYP) Dodgers batting - Pitching for Auburn Doubledays : RHP Sentos Alatas
|
|
Batting: LHB Fernão Manta
|
0-0: Ball 1-0: Ball 2-0: Ground out 5-3 (Groundball, 56, EV 81.9 MPH)
|
|
Batting: RHB Brad Brady
|
0-0: Fly out, F8 (Flyball, 8RXD, EV 77.5 MPH)
|
|
Batting: LHB Bobby Gambrell
|
0-0: Hit by Pitch
|
|
Batting: RHB Bob Magana
|
0-0: Called Strike Bobby Gambrell is caught stealing 2nd base 2-4
|
| Top of the 5th over - 0 runs, 0 hits, 0 errors, 0 left on base; Los Angeles (NYP) 1 - Auburn 1 |
| BOTTOM OF THE 5TH |
|
Auburn Doubledays batting - Pitching for Los Angeles (NYP) Dodgers : RHP Paul Schaecher
|
|
Batting: RHB Jason Ewert
|
0-0: Called Strike 0-1: SINGLE (Groundball, 56D, EV 101.2 MPH)
|
|
Batting: RHB Leo Gutierrez
|
0-0: Ball 1-0: Ball 2-0: Called Strike 2-1: Swinging Strike 2-2: Foul Ball, location: 2F 2-2: Strikes out looking
|
|
Batting: LHB Vince McLane
|
0-0: Ball 1-0: Ground out 4-3 (Groundball, 3, EV 83.8 MPH) Jason Ewert to second
|
|
Batting: RHB Tylor Cyr
|
0-0: Called Strike 0-1: Ball 1-1: SINGLE (Line Drive, 34D, EV 105.0 MPH) Jason Ewert to third
|
|
Batting: LHB Elias Posada
|
0-0: Ball 1-0: SINGLE (Groundball, 34D, EV 110.6 MPH) Jason Ewert scores Tylor Cyr to second Runner from 2nd tries for 3rd, OUT! 9-5
|
| Bottom of the 5th over - 1 run, 3 hits, 0 errors, 1 left on base; Los Angeles (NYP) 1 - Auburn 2 |
| TOP OF THE 6TH |
|
Los Angeles (NYP) Dodgers batting - Pitching for Auburn Doubledays : RHP Sentos Alatas
|
|
Batting: RHB Bob Magana
|
0-0: Swinging Strike 0-1: Swinging Strike 0-2: Strikes out swinging
|
|
Batting: SHB Josh Vaill
|
0-0: Swinging Strike 0-1: Called Strike 0-2: Ball 1-2: Ball 2-2: Foul Ball, location: 2F 2-2: Ball 3-2: Foul Ball, location: 2F 3-2: Base on Balls
|
|
Batting: SHB Alex Noval
|
0-0: Ball 1-0: Ball Wild Pitch! Josh Vaill to second 2-0: Foul Ball, location: 2F 2-1: Ball 3-1: Base on Balls
|
|
Batting: RHB Adam Maczko
|
0-0: Foul Ball, location: 2F 0-1: Reached on error, E6 (Groundball, 6M, EV 76.9 MPH) Josh Vaill to third Alex Noval to second
|
|
Batting: RHB Tommy Hunter
|
0-0: Called Strike 0-1: Ball 1-1: Grounds into fielders choice 6-2 (Groundball, 6, EV 86.9 MPH) Alex Noval to third Adam Maczko to second
|
|
Batting: RHB Juan Gallegos
|
0-0: SINGLE (Groundball, 4MD, EV 100.6 MPH) Alex Noval scores Adam Maczko to third Tommy Hunter to second
|
|
Batting: LHB Fernão Manta
|
0-0: Swinging Strike 0-1: Hit by Pitch Adam Maczko scores Tommy Hunter to third Juan Gallegos to second
|
|
Pitching: RHP Josh Jenkins
|
|
|
Batting: RHB Brad Brady
|
0-0: Foul Ball, location: 2F 0-1: Ball 1-1: Called Strike 1-2: Ball 2-2: Ball 3-2: Base on Balls Tommy Hunter scores Juan Gallegos to third Fernão Manta to second
|
|
Batting: LHB Bobby Gambrell
|
0-0: Ball 1-0: Ball 2-0: Ball 3-0: Called Strike 3-1: Called Strike 3-2: Strikes out swinging
|
| Top of the 6th over - 3 runs, 1 hit, 1 error, 3 left on base; Los Angeles (NYP) 4 - Auburn 2 |
| BOTTOM OF THE 6TH |
|
Auburn Doubledays batting - Pitching for Los Angeles (NYP) Dodgers : RHP Paul Schaecher
|
|
Pitching: RHP Angel Rivas
|
|
|
Pinch Hitting: LHB John Holst
|
0-0: Ball 1-0: Foul Ball, location: 2F 1-1: Foul Ball, location: 2F 1-2: Ball 2-2: Ball 3-2: Base on Balls
|
|
Batting: RHB Travis Stanley
|
0-0: Called Strike John Holst steals 2nd base (no throw) 0-1: Ground out 6-3 (Groundball, 6, EV 106.9 MPH)
|
|
Batting: RHB Joe Young
|
0-0: Called Strike 0-1: Ball 1-1: Ground out 6-3 (Groundball, 6M, EV 105.0 MPH) John Holst to third
|
|
Batting: LHB Adam Jacobs
|
0-0: Ball 1-0: Ball 2-0: Ball 3-0: Called Strike 3-1: Foul Ball, location: 2F 3-2: Foul Ball, location: 2F 3-2: Base on Balls
|
|
Batting: RHB Jason Ewert
|
Balk! John Holst scores Adam Jacobs to second 0-0: Fly out, F9 (Line Drive, 89M, EV 102.5 MPH)
|
| Bottom of the 6th over - 1 run, 0 hits, 0 errors, 1 left on base; Los Angeles (NYP) 4 - Auburn 3 |
| TOP OF THE 7TH |
|
Los Angeles (NYP) Dodgers batting - Pitching for Auburn Doubledays : RHP Josh Jenkins
|
|
Now at 1B: Leo Gutierrez
|
|
|
Now at 2B: Travis Stanley
|
|
|
Now in RF: John Holst
|
|
|
Batting: RHB Bob Magana
|
0-0: Called Strike 0-1: Ball 1-1: Foul Ball, location: 2F 1-2: Ball 2-2: Ball 3-2: Foul Ball, location: 2F 3-2: Foul Ball, location: 2F 3-2: Strikes out swinging
|
|
Batting: SHB Josh Vaill
|
0-0: Ball 1-0: Swinging Strike 1-1: Foul Ball, location: 2F 1-2: Ball 2-2: Strikes out swinging
|
|
Batting: SHB Alex Noval
|
0-0: Called Strike 0-1: Ball 1-1: Ball 2-1: Ball 3-1: Foul Ball, location: 2F 3-2: Strikes out swinging
|
| Top of the 7th over - 0 runs, 0 hits, 0 errors, 0 left on base; Los Angeles (NYP) 4 - Auburn 3 |
| BOTTOM OF THE 7TH |
|
Auburn Doubledays batting - Pitching for Los Angeles (NYP) Dodgers : RHP Angel Rivas
|
|
Batting: RHB Leo Gutierrez
|
0-0: Swinging Strike 0-1: Swinging Strike 0-2: Ball 1-2: Ground out 5-3 (Groundball, 5L, EV 88.1 MPH)
|
|
Batting: LHB Vince McLane
|
0-0: Ball 1-0: Ball 2-0: Ball 3-0: Called Strike 3-1: Swinging Strike 3-2: Base on Balls
|
|
Batting: RHB Tylor Cyr
|
0-0: Ball 1-0: Foul Ball, location: 2F Balk! Vince McLane to second 1-1: Ball 2-1: Foul Ball, location: 2F 2-2: Foul Ball, location: 2F 2-2: SINGLE (Groundball, 56D, EV 94.4 MPH) Vince McLane to third Runner from 3rd tries for Home, SAFE, throw by LF to home
|
|
Pitching: RHP Ramon Luna
|
|
|
Batting: LHB Elias Posada
|
0-0: Ball 1-0: Fly out, F7 (Flyball, 78M, EV 91.9 MPH)
|
|
Batting: LHB John Holst
|
0-0: Ball 1-0: Ball 2-0: Called Strike 2-1: Ball 3-1: Base on Balls Tylor Cyr to second
|
|
Batting: RHB Travis Stanley
|
0-0: Ball 1-0: SINGLE (Groundball, P, EV 81.2 MPH) (infield hit) Tylor Cyr to third John Holst to second
|
|
Batting: LHB Chris Williams
|
0-0: Fielders Choice at 2nd, 5-4 (Groundball, 56, EV 88.8 MPH)
|
| Bottom of the 7th over - 1 run, 2 hits, 0 errors, 3 left on base; Los Angeles (NYP) 4 - Auburn 4 |
| TOP OF THE 8TH |
|
Los Angeles (NYP) Dodgers batting - Pitching for Auburn Doubledays : RHP Josh Jenkins
|
|
Pitching: LHP Johnny Busse
|
|
|
Batting: RHB Adam Maczko
|
0-0: SINGLE (Line Drive, 8RS, EV 87.5 MPH)
|
|
Batting: RHB Tommy Hunter
|
0-0: Foul Ball, location: 2F 0-1: Ball 1-1: Ball 2-1: Ball 3-1: DOUBLE (Line Drive, 8LXD, EV 95.6 MPH) Adam Maczko to third
|
|
Batting: RHB Juan Gallegos
|
0-0: Ball 1-0: Called Strike 1-1: Ball 2-1: Ball 3-1: Foul Ball, location: 2F 3-2: Foul Ball, location: 2F 3-2: Strikes out swinging
|
|
Pinch Hitting: RHB Manny Mendoza
|
0-0: Intentional Walk
|
|
Batting: RHB Brad Brady
|
0-0: Called Strike 0-1: Grounds into double play, 6-2-3 (Groundball, 6, EV 81.9 MPH)
|
| Top of the 8th over - 0 runs, 2 hits, 0 errors, 2 left on base; Los Angeles (NYP) 4 - Auburn 4 |
| BOTTOM OF THE 8TH |
|
Auburn Doubledays batting - Pitching for Los Angeles (NYP) Dodgers : RHP Ramon Luna
|
|
Now in LF: Alex Mejia
|
|
|
Batting: LHB Adam Jacobs
|
0-0: Ball 1-0: Ball 2-0: Swinging Strike 2-1: SINGLE (Line Drive, 7S, EV 111.9 MPH)
|
|
Pinch Hitting: LHB Adam Lancaster
|
0-0: Foul Ball, location: 2F 0-1: Ball 1-1: Ball 2-1: Foul Ball, location: 2F 2-2: Ball 3-2: Fielders Choice at 2nd, 3-6 (Groundball, 3, EV 77.5 MPH)
|
|
Batting: RHB Leo Gutierrez
|
0-0: Bunted foul 0-1: Bunt missed! 0-2: Ball 1-2: Ball 2-2: Ball 3-2: Foul Ball, location: 2F 3-2: Strikes out looking
|
|
Batting: LHB Vince McLane
|
0-0: Ball 1-0: Called Strike Adam Lancaster steals 2nd base 1-1: Foul Ball, location: 2F 1-2: Ball 2-2: Foul Ball, location: 2F 2-2: Foul Ball, location: 2F 2-2: SINGLE (Groundball, P, EV 89.4 MPH) (infield hit) Adam Lancaster to third
|
|
Batting: RHB Tylor Cyr
|
0-0: Called Strike 0-1: Called Strike 0-2: SINGLE (Groundball, 6MD, EV 100.0 MPH) Adam Lancaster scores Vince McLane to second Runner from 2nd tries for 3rd, OUT! 8-5
|
| Bottom of the 8th over - 1 run, 3 hits, 0 errors, 1 left on base; Los Angeles (NYP) 4 - Auburn 5 |
| TOP OF THE 9TH |
|
Los Angeles (NYP) Dodgers batting - Pitching for Auburn Doubledays : LHP Johnny Busse
|
|
Pitching: RHP Chris Lawrence
|
|
|
Now at SS: Adam Lancaster
|
|
|
Batting: LHB Bobby Gambrell
|
0-0: Called Strike 0-1: Ball 1-1: Fly out, F5 (Line Drive, 56, EV 66.9 MPH)
|
|
Batting: RHB Bob Magana
|
0-0: Called Strike 0-1: Swinging Strike 0-2: Strikes out swinging
|
|
Batting: SHB Josh Vaill
|
0-0: Called Strike 0-1: Swinging Strike 0-2: Ball 1-2: Foul Ball, location: 2F 1-2: Foul Ball, location: 2F 1-2: Ball 2-2: Strikes out looking
|
| Top of the 9th over - 0 runs, 0 hits, 0 errors, 0 left on base; Los Angeles (NYP) 4 - Auburn 5 |
|